 Dungeon Crawl Stone Soup version 0.30.1-4-g462c640d31 (webtiles) character file.

Game seed: 5539881126674991760

402 HagarQim the Magician (level 6, -1/33 HPs)
             Began as a Deep Elf Air Elementalist on Aug 18, 2023.
             Shot with an arrow by a centaur (10 damage)
             ... on level 5 of the Dungeon.
             The game lasted 00:13:40 (4529 turns).

HagarQim the Magician (Deep Elf Air Elementalist)   Turns: 4529, Time: 00:13:41

Health: -1/33      AC:  2    Str:  5    XL:     6   Next: 55%
Magic:  12/15      EV: 13    Int: 22    God:
Gold:   167        SH:  0    Dex: 15    Spells: 12/15 levels left

rFire   . . .        k - +0 dagger
rCold   . . .        (no shield)
rNeg    + . .        a - +0 robe
rPois   +            (no helmet)
rElec   .            (no cloak)
rCorr   .            (no gloves)
SInv    .            (no boots)
Will    .....        (no amulet)
Stlth   ++           t - ring of poison resistance
HPRegen 0.25/turn    w - ring of positive energy
MPRegen 0.14/turn

%: no passive effects
@: no status effects
A: no striking features
a: no special abilities


You were on level 5 of the Dungeon.
You visited 1 branch of the dungeon, and saw 5 of its levels.

You collected 178 gold pieces.
You spent 11 gold pieces at shops.

Inventory:

Hand Weapons
 k - a +0 dagger (weapon)
Missiles
 j - 3 silver javelins
 A - 2 poisoned darts
Armour
 a - a +0 robe (worn)
Magical Staves
 u - a staff of fire
Jewellery
 s - an amulet of faith
 t - a ring of poison resistance (left hand)
 w - a ring of positive energy (right hand)
Wands
 i - a wand of charming (12)
 o - a wand of roots (9)
 y - a wand of light (9)
Scrolls
 d - a scroll of brand weapon {unknown}
 f - 2 scrolls of silence {unknown}
 g - 3 scrolls of teleportation {unknown}
 h - 3 scrolls of identify {unknown}
 l - 3 scrolls of enchant weapon {unknown}
 m - a scroll of amnesia {unknown}
 n - a scroll of poison {unknown}
 p - 2 scrolls of immolation {unknown}
 q - a scroll of vulnerability {unknown}
 x - a scroll of magic mapping {unknown}
Potions
 b - a potion of magic
 c - 5 potions of curing {unknown}
 e - a potion of invisibility {unknown}
 r - 3 potions of haste {unknown}
 v - a potion of ambrosia {unknown}
 z - a potion of resistance {unknown}


   Skills:
 + Level 0.7 Fighting
 + Level 0.8 Short Blades
 + Level 0.4 Maces & Flails
 + Level 3.3 Dodging
 + Level 3.1 Stealth
 + Level 5.3 Spellcasting
 + Level 3.4 Conjurations
 + Level 4.8 Air Magic


You had 12 spell levels left.
You knew the following spells:

 Your Spells              Type           Power      Damage    Failure   Level
a - Shock                 Conj/Air       92%        1d8       1%          1
b - Static Discharge      Conj/Air       46%        2-4/arc   2%          2

Your spell library contained the following spells:

 Spells                   Type           Power      Damage    Failure   Level
 Swiftness                Air            27%        N/A       4%          3
 Airstrike                Air            13%        2d(2-18)  14%         4
 Metabolic Englaciation   Hex/Ice        2%         N/A       95%         5
 Ozocubu's Refrigeration  Ice            2%         4d8       100%        7


Dungeon Overview and Level Annotations

Branches:
Dungeon (5/15)
 Temple: D:4-7

Altars:
Fedhas
Sif Muna
The Shining One

Shops:
D:5 *!*:


Message History

You see here an adder corpse.
You see here an adder corpse.
Found an escape hatch in the floor.
h - 3 scrolls labelled RETHUNOR UZOPRICW (gained 1)
A white imp comes into view.
The zap hits the white imp.
The white imp is moderately wounded.
The white imp shouts, "Scamper hence, thou horrid common-kissing bugbear!"
The zap hits the white imp.
The white imp is almost dead.
The white imp gestures at you. The puff of frost hits you!
The zap hits the white imp.
The white imp is almost dead.
The zap hits the white imp.
You kill the white imp!
You start resting.
Magic restored.
HP restored.
There is an open door here.
Found 2 poisoned darts.
You see here 2 poisoned darts.
A - 2 poisoned darts A centaur comes into view.
The zap hits the centaur.
The centaur is lightly wounded.
The centaur shouts!
The centaur wields a +0 shortbow.
The centaur shoots an arrow.
The arrow barely misses you.
The zap hits the centaur.
The centaur is moderately wounded.
The centaur shoots an arrow.
The arrow hits you!
The zap hits the centaur.
The centaur is heavily wounded.
The centaur shoots an arrow.
The arrow hits you!
The centaur shoots an arrow.
The arrow hits you.
* * * LOW HITPOINT WARNING * * *
You are too injured to fight recklessly!
The centaur shoots an arrow.
The arrow hits you!
You die...

### #.# #########.#
..........# .....####.###
............######
##...............########.
..<....................c..
##..############@########.
#.......# #.####
#.......#######....#
#.......##.........# #
#.......##.#####...###..
#.......##.# #..).....
#.......##.# #........
#........#.#####........
##.......................


You could see a centaur.

Vanquished Creatures
  An ice beast (D:3)
  2 scorpions (D:5)
  A jelly (D:4)
  Robin (D:2)
  4 gnolls (D:4)
  3 adders
  A white imp (D:5)
  3 worms
  3 dart slugs
  3 orcs
  4 ball pythons
  3 endoplasms
  A giant cockroach (D:4)
  11 goblins
  5 hobgoblins
  3 quokkas (D:2)
  2 bats
  3 frilled lizards
  6 kobolds
  4 rats
64 creatures vanquished.

Notes
Turn   | Place    | Note
-------+----------+-------------------------------------------
     0 | D:1      | HagarQim the Deep Elf Air Elementalist began the quest for
                  | the Orb.
     0 | D:1      | Reached XP level 1. HP: 10/10 MP: 6/6
   243 | D:1      | Reached XP level 2. HP: 15/15 MP: 5/8
  1150 | D:2      | Reached XP level 3. HP: 13/19 MP: 1/9
  1717 | D:2      | You fall into a shaft and drop 1 floor!
  1729 | D:3      | Found a faded altar of an unknown god.
  1734 | D:3      | Found a glowing golden altar of the Shining One.
  1764 | D:3      | Found a blossoming altar of Fedhas.
  1889 | D:3      | Noticed an ice beast
  2081 | D:3      | Killed an ice beast
  2082 | D:3      | Reached skill level 4 in Spellcasting
  2082 | D:3      | Reached XP level 4. HP: 5/24 MP: 6/12
  2082 | D:3      | Reached XP level 5. HP: 5/28 MP: 6/13
  2286 | D:3      | Learned a level 2 spell: Static Discharge
  2580 | D:2      | Noticed Robin
  2587 | D:2      | Killed Robin
  2945 | D:3      | Got the Catalogue of Hail
  2965 | D:3      | Found a faded altar of an unknown god.
  3045 | D:3      | Found a shimmering blue altar of Sif Muna.
  3761 | D:4      | Reached XP level 6. HP: 21/33 MP: 8/15
  3894 | D:5      | Entered Level 5 of the Dungeon
  3931 | D:5      | Reached skill level 5 in Spellcasting
  4149 | D:5      | Found Ekitzeh's Distillery.
  4151 | D:5      | Found Asori's Assorted Antiques.
  4151 | D:5      | Found Wuseub's Book Emporium.
  4170 | D:5      | Found Butudouch's Assorted Antiques.
  4185 | D:5      | Bought a potion of degeneration for 11 gold pieces
  4529 | D:5      | Shot with an arrow by a centaur

Illustrated notes

Levels and vault maps discovered:
D:1:      lightli_arrival_quake, layout_basic, reono_crystal_passage
D:2:      layout_basic, uniq_robin
D:3:      layout_loops_ring, mainiacjoe_overflow_catwalk,
          mainiacjoe_overflow_paths, nicolae_overflow_ecumenical_swirl,
          shapermc_ecumenical_altar_starsandcircs
D:4:      nicolae_cairo_tiling, layout_basic
D:5:      layout_basic, elyvilon_altar_1, zin_angel, minmay_shop_grid_forest,
          roderic_serpentine_path, uniq_prince_ribbit1

Skill      XL: |  1  2  3  4  5  6 |
---------------+-------------------+-----
Conjurations   | 2 3 |  3.4
Dodging        | 3 |  3.3
Spellcasting   | 4 5 |  5.3
Air Magic      | 4 |  4.8
Stealth        | 3 |  3.1
Fighting       | |  0.7
Short Blades   | |  0.8
Maces & Flails | |  0.4

Action                     |  1- 3 |  4- 6 || total
---------------------------+-------+-------++-------
  Melee: Club              |     7 |       ||     7
         Dagger            |     6 |    11 ||    17
         Punch             |       |     1 ||     1
   Cast: Shock             |   101 |    94 ||   195
    Use: Potion            |     3 |       ||     3
 Armour: Robe              |     8 |     2 ||    10
         Skin              |     4 |       ||     4
  Dodge: Dodged            |    27 |    20 ||    47
